 Dungeon Crawl Stone Soup version 0.31.0-12-g77e489cdc1 (webtiles) character file.

Game seed: 2454863027928344500

75 Silvore the Trooper (level 4, 0/35 HPs)
             Began as a Demonspawn Fighter on Feb 14, 2024.
             Frozen to death by an endoplasm (1 damage)
             ... on level 2 of the Dungeon.
             The game lasted 00:01:57 (1363 turns).

Silvore the Trooper (Demonspawn Fighter)            Turns: 1363, Time: 00:01:58

Health: 0/35       AC: 10    Str: 18    XL:     4   Next: 11%
Magic:  4/4        EV:  7    Int:  9    God:
Gold:   102        SH:  0    Dex: 12    Spells: 3/3 levels left

rFire   . . .        a - +0 long sword
rCold   . . .        c - +0 buckler
rNeg    . . .        f - +0 chain mail
rPois   .            (no helmet)
rElec   .            (no cloak)
rCorr   .            (no gloves)
SInv    .            h - +0 pair of boots
Will    .....        (no amulet) Stlth
                     (no ring)
HPRegen 0.25/turn    (no ring)
MPRegen 0.09/turn

%: no passive effects
@: confused
A: powered by pain 1, demonic touch 1
a: no special abilities


You were on level 2 of the Dungeon.
You visited 1 branch of the dungeon, and saw 3 of its levels.

You collected 102 gold pieces.

Inventory:

Hand Weapons
 a - a +0 long sword (weapon)
Armour
 b - a +0 scale mail
 c - a +0 buckler (worn)
 f - a +0 chain mail (worn)
 h - a +0 pair of boots (worn)
Jewellery
 k - a ring of fire
Potions
 d - 2 potions of might
 e - a potion of resistance
 g - 2 potions of attraction {unknown}
 i - a potion of brilliance {unknown}
 l - a potion of curing {unknown}


   Skills:
 + Level 3.4 Fighting
 + Level 2.5 Long Blades
 + Level 3.2 Armour
 + Level 1.0 Dodging
 + Level 3.0 Shields


You had 3 spell levels left.
You didn't know any spells.
Your spell library contained the following spells:

 Spells                   Type           Power      Damage    Failure   Level
 Shock                    Conj/Air       0%         1d3       99%         1
 Swiftness                Air            0%         N/A       100%        3
 Airstrike                Air            0%         2d(0-16)  100%        4


Dungeon Overview and Level Annotations

Branches:
Dungeon (3/15)

Altars:


Innate Abilities, Weirdness & Mutations

You sometimes gain a little power by taking damage.
Your touch may inflict minor irresistible damage on your foes.


Message History

You are confused.
The endoplasm freezes you.
You are frozen.
You hit the endoplasm.
The endoplasm is lightly wounded.
The frilled lizard completely misses you.
The orc closely misses you. Something hits you.
The endoplasm hits you but does no damage.
The frilled lizard bites you but does no damage.
The orc hits you with a +0 hand axe. Something hits you.
You're too confused to move!
The endoplasm freezes you.
You are frozen.
The frilled lizard barely misses you. The orc barely misses you.
You hear some strange, mumbled words.
You are more confused.
You completely miss the endoplasm.
The endoplasm is lightly wounded.
The endoplasm hits you.
* * * LOW HITPOINT WARNING * * *
The frilled lizard closely misses you. The orc barely misses you.
Something hits you but does no damage. The endoplasm freezes you.
You are frozen.
* * * LOW HITPOINT WARNING * * *
You hit the endoplasm but do no damage.
The endoplasm is lightly wounded.
You feel your willpower return. The frilled lizard bites you.
* * * LOW HITPOINT WARNING * * *
The orc hits you but does no damage. Something hits you.
* * * LOW HITPOINT WARNING * * *
The endoplasm freezes you.
You are frozen.
* * * LOW HITPOINT WARNING * * *
You miss something. The frilled lizard misses you.
The orc hits you but does no damage. Something hits you but does no damage.
The endoplasm freezes you.
You are frozen.
You die...

.## #..##.....##.#.............
..## ##.#..#÷#..#.##..########.#
...# #.'.#.#.#.+.###.### #.# ...#
#.#..#.#..#..##...# #.# )..##
#.##.....##...###.# #.# ...†#
#..###'###..#...#.######.# .##.#
##...................)....
###.#####......lJ{......#.#####.#
..#....##......o@##.##.##..>###.#
#.####......#######.#8.8###...#.#
#.# ######.# #.......##..... #.#
#.### ###8.8#..#..... #.###
#...#### ##.##........ #...#
###.[..## #....##..... ###.##
####..## #######..... .....##
########..### ##...#
......####..)..###...# ###.#


You could see an orc, an endoplasm and a frilled lizard.

Vanquished Creatures
  An adder (D:2)
  3 ribbon worms (D:2)
  A dart slug (D:2)
  6 ball pythons
  4 endoplasms
  2 giant cockroaches
  9 goblins
  A hobgoblin (D:2)
  2 quokkas (D:1)
  8 bats
  2 frilled lizards (D:2)
  9 kobolds
  8 rats
56 creatures vanquished.

Notes
Turn   | Place    | Note
-------+----------+-------------------------------------------
     0 | D:1      | Silvore the Demonspawn Fighter began the quest for the Orb.
     0 | D:1      | Reached XP level 1. HP: 18/18 MP: 1/1
   193 | D:1      | Gained mutation: You sometimes gain a little power by
                  | taking damage. [demonic ancestry]
   193 | D:1      | Reached XP level 2. HP: 22/24 MP: 2/2
   602 | D:2      | Gained mutation: Your touch may inflict minor irresistible
                  | damage on your foes. [demonic ancestry]
   602 | D:2      | Reached XP level 3. HP: 23/29 MP: 3/3
   870 | D:2      | Found a faded altar of an unknown god.
   928 | D:2      | Reached skill level 1 in Dodging
  1014 | D:2      | Reached XP level 4. HP: 32/35 MP: 4/4
  1362 | D:2      | HP: 1/35 [frozen (4)]
  1363 | D:2      | Frozen to death by an endoplasm

Illustrated notes

Levels and vault maps discovered:
D:1:      dpeg_arrival_subterranean_lakeside_camping, layout_basic,
          serial_glass, glass_columns_c, glass_columns_c
D:2:      layout_rooms, chequers_ecumenical_altar_island,
          small_statue_intersection, st_stairs_10, minmay_box_of_dots
D:3:      layout_rooms, lightli_temple_of_fire, ebering_ghost_disaster_area,
          uniq_ijyb, uniq_crazy_yiuf_cottage, uniq_robin

Skill      XL: |  1  2  3 |
---------------+----------+-----
Armour         | 3 |  3.2
Long Blades    | 2 |  2.5
Shields        | 3 |  3.0
Dodging        | 1 |  1.0
Fighting       | |  3.4

Action                     |  1- 3 |  4- 6 || total
---------------------------+-------+-------++-------
  Melee: Long sword        |   135 |    23 ||   158
    Use: Scroll            |     2 |     1 ||     3
 Armour: Scale mail        |    82 |       ||    82
         Chain mail        |    44 |    33 ||    77
  Dodge: Dodged            |    85 |    15 ||   100
  Block: Buckler           |    41 |     4 ||    45
